2284 views
Uploaded 2021-07-30 01:04:31
Game version 1.32.10
14:23 long 1on1 ladder game on (2)SwampedTemple
Saved by aom
2284 views
Uploaded 2021-07-30 01:04:31
Game version 1.32.10
14:23 long 1on1 ladder game on (2)SwampedTemple

19 units @ 2.5k
/ 0.2k
11 buildings @ 1.8k
/ 0.6k



| Rod of Necromancy | 2 | 300 |
| Orb of Corruption | 1 | 375 |
| Potion of Healing | 3 | 450 |
| Potion of Mana | 1 | 200 |
| Potion of Lesser Invulnerability | 1 | 150 |
| Circlet of Nobility | 1 | 175 |
| Periapt of Vitality | 1 | 325 |
| total: | 10 | 1975g |
| Acolyte | 8 | 600 | / | 0 |
| Ghoul | 4 | 480 | / | 0 |
| Crypt Fiend | 5 | 1075 | / | 200 |
| Forest Troll Shadow Priest | 1 | 195 | / | 10 |
| Mud Golem | 1 | 145 | / | 10 |
| total: | 19 | 2495g | / | 220w |
| Nerubian Tower | 1 | 100 | / | 20 |
| Altar of Darkness | 1 | 180 | / | 50 |
| Ziggurat | 4 | 600 | / | 200 |
| Crypt | 1 | 200 | / | 50 |
| Tomb of Relics | 1 | 130 | / | 30 |
| Graveyard | 1 | 215 | / | 0 |
| Necropolis | 1 | 225 | / | 0 |
| Slaughterhouse | 2 | 280 | / | 270 |
| Halls of the Dead | 1 | 320 | / | 210 |
| Black Citadel | 1 | 325 | / | 230 |
| total: | 11 | 1830g | / | 600w |
| 0:03 | Acolyte |
| 0:05 | Altar of Darkness |
| 0:08 | Ziggurat |
| 0:10 | Acolyte |
| 0:34 | Crypt |
| 0:48 | Acolyte |
| 1:01 | Tomb of Relics |
| 1:15 | Nerubian Tower |
| 1:36 | Ghoul |
| 1:36 | Ghoul |
| 1:50 | Ghoul |
| 1:58 | Graveyard |
| 2:09 | Rod of Necromancy |
| 2:11 | Death Coil |
| 3:08 | Halls of the Dead |
| 3:10 | Ghoul |
| 3:11 | Cannibalize |
| 3:25 | Unholy Armor |
| 3:54 | Crypt Fiend |
| 3:57 | Ziggurat |
| 4:19 | Unholy Aura |
| 4:27 | Ziggurat |
| 4:29 | Creature Attack |
| 5:35 | Black Citadel |
| 5:46 | Rod of Necromancy |
| 6:22 | Crypt Fiend |
| 6:31 | Ziggurat |
| 6:45 | Frost Nova |
| 6:53 | Crypt Fiend |
| 6:57 | Creature Carapace |
| 7:37 | Slaughterhouse |
| 8:16 | Potion of Lesser Invulnerability |
| 8:30 | Death Coil |
| 8:37 | Circlet of Nobility |
| 8:38 | Periapt of Vitality |
| 8:54 | Ghoul Frenzy |
| 8:55 | Burrow |
| 9:03 | Impale |
| 9:06 | Frost Armor |
| 10:07 | Slaughterhouse |
| 10:07 | Acolyte |
| 10:08 | Acolyte |
| 10:08 | Acolyte |
| 10:09 | Acolyte |
| 10:10 | Acolyte |
| 10:17 | Crypt Fiend |
| 11:01 | Necropolis |
| 11:34 | Forest Troll Shadow Priest |
| 11:34 | Mud Golem |
| 12:35 | Spiked Carapace |
| 12:56 | Orb of Corruption |
| 12:59 | Potion of Healing |
| 12:59 | Potion of Healing |
| 12:59 | Potion of Healing |
| 13:05 | Potion of Mana |
| 13:10 | Crypt Fiend |
| 13:13 | Frost Armor |
| Select group | 719 |
| Right click | 629 |
| Select | 435 |
| Misc. action | 96 |
| Build/train/purchase | 67 |
| Assign group | 29 |
| Use ability | 27 |
| Chat | 13 |
| Item give/drop | 2 |
| Remove unit | 2 |
| Minimap ping | 1 |
/ 0.5k
20 buildings @ 2k
/ 0.8k

| Peasant | 6 | 450 | / | 0 |
| Footman | 8 | 1080 | / | 0 |
| Rifleman | 5 | 1025 | / | 150 |
| Knight | 6 | 1470 | / | 360 |
| Priest | 3 | 405 | / | 30 |
| total: | 28 | 4430g | / | 540w |
| Scout Tower | 2 | 60 | / | 40 |
| Guard Tower | 1 | 70 | / | 50 |
| Altar of Kings | 1 | 180 | / | 50 |
| Barracks | 2 | 320 | / | 120 |
| Farm | 11 | 880 | / | 220 |
| Lumber Mill | 1 | 120 | / | 0 |
| Blacksmith | 1 | 140 | / | 60 |
| Arcane Sanctum | 2 | 300 | / | 280 |
| Keep | 1 | 320 | / | 210 |
| Castle | 1 | 360 | / | 210 |
| total: | 20 | 2000g | / | 770w |
| 0:40 | Altar of Kings |
| 0:42 | Barracks |
| 0:44 | Farm |
| 0:50 | Peasant |
| 1:10 | Peasant |
| 1:23 | Peasant |
| 1:36 | Farm |
| 1:53 | Peasant |
| 1:59 | Footman |
| 2:11 | Peasant |
| 2:17 | Farm |
| 2:28 | Footman |
| 2:44 | Peasant |
| 2:48 | Summon Water Elemental |
| 2:57 | Farm |
| 3:00 | Farm |
| 3:02 | Footman |
| 3:17 | Footman |
| 3:24 | Lumber Mill |
| 3:46 | Footman |
| 3:55 | Footman |
| 4:01 | Blacksmith |
| 4:22 | Keep |
| 4:53 | Brilliance Aura |
| 4:58 | Footman |
| 5:24 | Footman |
| 5:30 | Scout Tower |
| 5:36 | Scout Tower |
| 5:42 | Barracks |
| 5:46 | Rifleman |
| 5:54 | Improved Lumber Harvesting |
| 6:03 | Farm |
| 6:16 | Guard Tower |
| 6:38 | Rifleman |
| 7:23 | Castle |
| 7:51 | Rifleman |
| 8:32 | Farm |
| 8:37 | Iron Forged Swords |
| 8:38 | Black Gunpowder |
| 8:45 | Arcane Sanctum |
| 9:23 | Rifleman |
| 9:27 | Farm |
| 9:36 | Blizzard |
| 9:59 | Arcane Sanctum |
| 10:03 | Knight |
| 10:24 | Farm |
| 11:06 | Farm |
| 11:14 | Priest |
| 11:17 | Knight |
| 11:49 | Priest |
| 11:55 | Farm |
| 12:36 | Knight |
| 12:39 | Brilliance Aura |
| 12:55 | Knight |
| 13:12 | Knight |
| 14:05 | Knight |
| 14:07 | Priest |
| 14:09 | Rifleman |
| Right click | 271 |
| Select | 217 |
| Select group | 74 |
| Misc. action | 61 |
| Build/train/purchase | 51 |
| Assign group | 18 |
| Use ability | 3 |
| Remove unit | 1 |